Map: Triton LE

Players

Benjalou

  • Race: Protoss Protoss
  • League: Diamond
  • Spawn Location: 5:00

ZergisOP - Winner!

  • Race: Zerg Zerg
  • League: Diamond
  • Spawn Location: 11:00

VOD

Have the link to the VOD?

Description

Time

  • Played on: Jan. 25, 2020, 11:55 a.m.
  • Length: 5:35
Show
View Real Time Build Order
Export as new Build Order

Benjalou Protoss 

Build Orders: 1 Gate Expand, Phoenix Opening 

Get SALT Encoding   

  12  0:00  Probe  
  13  0:12  Probe  
  14  0:18  Pylon  
  14  0:25  Probe  
  15  0:37  Probe (Chrono Boost)  
  15  0:40  Gateway  
  16  0:46  Probe (Chrono Boost)  
  16  0:47  Assimilator  
  17  0:51  Probe (Chrono Boost)  
  17  0:56  Assimilator  
  18  1:03  Probe  
  19  1:18  Probe  
  20  1:31  Nexus  
  20  1:40  Pylon  
  20  1:43  Probe (Chrono Boost)  
  21  1:55  Probe (Chrono Boost)  
  22  2:03  Probe (Chrono Boost), Cybernetics Core  
  23  2:11  Probe  
  24  2:17  Gateway  
  24  2:23  Probe  
  25  2:45  Probe, Robotics Facility  
  25  2:46  Probe  
  25  2:48  Warp Gate  
  25  2:49  Stalker (Chrono Boost)  
  28  2:58  Probe  
  29  3:01  Probe  
  32  3:07  Adept (Chrono Boost)  
  32  3:10  Probe  
  33  3:14  Probe  
  33  3:18  Sentry (Chrono Boost)  
  36  3:22  Probe  
  36  3:23  Pylon  
  36  3:26  Probe  
  38  3:33  Immortal (Chrono Boost)  
  38  3:34  Probe  
  38  3:38  Probe  
  38  3:39  Sentry  
  46  3:42  Sentry  
  46  3:46  Probe  
  46  3:47  Pylon  
  49  3:50  Probe  
  49  3:55  Phoenix, Pylon  
  50  3:58  Probe  
  50  4:02  Probe  
  52  4:03  Assimilator  
  52  4:07  Immortal (Chrono Boost)  
  56  4:10  Probe  
  56  4:14  Probe  
  58  4:22  Probe  
  59  4:26  Probe  
  58  4:45  Zealot x2  
  32  5:07  Zealot x2  
  30  5:11  Probe  
  30  5:12  Probe  
  32  5:29  Zealot  
  32  5:30  Zealot  
Show
View Real Time Build Order
Export as new Build Order

ZergisOP Zerg - Winner!

Build Orders: Pool Only 

Get SALT Encoding   

  12  0:02  Drone  
  13  0:14  Drone  
  14  0:27  Drone, Extractor  
  14  0:39  Overlord  
  14  1:05  Spawning Pool  
  14  1:06  Drone  
  14  1:07  Drone x2  
  16  1:51  Queen  
  16  1:52  Zergling x4  
  20  1:56  Metabolic Boost  
  20  2:01  Zergling x2  
  21  2:21  Zergling x2  
  21  2:22  Overlord  
  22  2:28  Lair  
  22  2:37  Overlord  
  22  2:55  Zergling x4  
  24  3:07  Zergling x8  
  28  3:16  Zergling x2  
  29  3:26  Queen  
  31  3:27  Nydus Network  
  31  3:31  Zergling x2  
  31  3:37  Overlord  
  31  3:39  Zergling x4  
  31  3:41  Zergling x2  
  34  3:51  Zergling x2  
  35  4:02  Queen  
  37  4:05  Zergling x2  
  37  4:08  Nydus Canal  
  38  4:24  Nydus Canal  
  38  4:26  Zergling x2  
  38  4:27  Zergling x4  
  40  4:33  Zergling x2  
  40  4:42  Zergling x4  
  40  4:43  Zergling x2  
  40  4:58  Zergling x2  
  37  5:09  Zergling x2  
  37  5:11  Nydus Canal  
  37  5:16  Zergling x2  
  37  5:17  Zergling x4  
Tags
 
Add a new tag
Caveats
  • Supply blocks, unpowered buildings, or Contaminate may cause inaccurate times.
  • Supply counts are checked every 10 seconds.